 Dungeon Sprint DCSS version 0.22-a0-353-g2d6336e (webtiles) character file.

265 Hipnos the Covert (level 6, -2/43 HPs)
             Began as a Human Enchanter on Apr 15, 2018.
             Slain by a slime creature (17 damage)
             ... in the Dungeon (Sprint I: "Red Sonja").
             The game lasted 00:02:04 (514 turns).

Hipnos the Covert (Human Enchanter)                  Turns: 514, Time: 00:02:04

Health: -2/43      AC:  3    Str:  8    XL:     6   Next: 44%
Magic:  3/12       EV: 13    Int: 15    God:
Gold:   162        SH:  0    Dex: 16    Spells: 7/13 levels left

rFire    . . .     SeeInvis .   a - +1 dagger
rCold    . . .     Gourm    .   (no shield)
rNeg     . . .     Faith    .   i - +0 leather armour
rPois    .         Spirit   .   (no helmet)
rElec    .         Reflect  .   (no cloak)
rCorr    .         Harm     .   (no gloves)
MR       .....     NoTele   +   (no boots)
Stlth    ++++......             (no amulet)
HPRegen  0.14/turn              (no ring)
MPRegen  0.13/turn              (no ring)

@: very slightly contaminated
A: no striking features
a: no special abilities


You were in the Dungeon.
You were not hungry.

You visited 1 branch You collected 162 gold pieces.

Inventory:

Hand Weapons
 a - a +1 dagger (weapon)
Armour
 b - a +0 robe
 i - a +0 leather armour (worn)
Wands
 c - a wand of digging (12)
Scrolls
 j - a scroll of blinking
Potions
 e - a potion of curing
 f - a potion of heal wounds
 g - a potion of haste
 h - a potion of magic
 k - a potion of lignification {unknown}
Comestibles
 d - a ration


   Skills:
 + Level 1.1 Fighting
 * Level 5.2 Short Blades
 + Level 1.1 Armour
 + Level 3.5 Dodging
 * Level 8.5 Stealth
 + Level 4.3 Spellcasting
 + Level 6.7 Hexes
 + Level 1.9 Ice Magic


You had 7 spell levels left.
You knew the following spells:

 Your Spells              Type           Power        Failure   Level  Hunger
a - Corona                Hex            ###....      1%          1    None
b - Ensorcelled Hibernat  Hex/Ice        ###...       6%          2    ##.....
c - Confuse               Hex            ###.....     4%          3    ###....


Dungeon Overview and Level Annotations

Branches:
Dungeon (1/1)

Altars:
Makhleb
Xom
Jiyva
Lugonu


Message History

The slime creature misses you.
You hit the slime creature.
The slime creature is severely wounded.
The slime creature closely misses you.
You hit the slime creature.
The slime creature is almost dead.
The slime creature hits you!
Casting: Confuse (safe; 4% risk of failure)
Confirm with . or Enter, or press ? or * to list all spells.
Aiming: Ensorcelled Hibernation (safe; 6% risk of failure)
Press: ? - help, Shift-Dir - straight line, f/p - slime creature
Aim: a slime creature (severely wounded, not susceptible)
Okay, then.
Casting: Ensorcelled Hibernation (safe; 6% risk of failure)
Confirm with . or Enter, or press ? or * to list all spells.
Aiming: Confuse (safe; 4% risk of failure)
Press: ? - help, Shift-Dir - straight line, f/p - slime creature
Aim: a slime creature (severely wounded, chance to defeat MR: 35%)
The slime creature easily resists.
The slime creature hits you!
You die...

###################
#<.#.)').#.)'..#__#
#..'..#..@J.#..'..+
#..#####'#####+#__#
#..# #..# ### #..#
#### #..# #⌠⌠# ####


You could see a slime creature.

Vanquished Creatures
  Sigmund (D)
  An ogre (D)
  Ijyb (D)
3 creatures vanquished.

Notes
Turn   | Place    | Note
-------+----------+-------------------------------------------
     0 | D        | Hipnos the Human Enchanter began the quest for the Orb.
     0 | D        | Reached XP level 1. HP: 13/13 MP: 3/3
     1 | D        | Noticed Ijyb
    11 | D        | Killed Ijyb
    11 | D        | Reached skill level 4 in Stealth
    11 | D        | Reached XP level 2. HP: 16/19 MP: 3/5
    11 | D        | Reached XP level 3. HP: 21/24 MP: 3/6
    38 | D        | Learned a level 2 spell: Ensorcelled Hibernation
    44 | D        | Learned a level 3 spell: Confuse
   121 | D        | Noticed an ogre
   131 | D        | Killed an ogre
   131 | D        | Reached skill level 6 in Stealth
   131 | D        | Reached skill level 5 in Hexes
   131 | D        | Reached XP level 4. HP: 21/30 MP: 0/8
   131 | D        | Reached XP level 5. HP: 24/35 MP: 0/9
   224 | D        | Noticed Sigmund
   234 | D        | Killed Sigmund
   234 | D        | Reached skill level 1 in Fighting
   234 | D        | Reached skill level 5 in Short Blades
   234 | D        | Reached skill level 1 in Armour
   234 | D        | Reached skill level 8 in Stealth
   234 | D        | Reached skill level 1 in Ice Magic
   234 | D        | Reached XP level 6. HP: 22/43 MP: 7/12
   493 | D        | Found a burning altar of Makhleb.
   493 | D        | Found a shimmering altar of Xom.
   493 | D        | Noticed a slime creature
   494 | D        | Found a viscous altar of Jiyva.
   494 | D        | Found a corrupted altar of Lugonu.
   514 | D        | Slain by a slime creature

Vault maps used:
D:        dungeon_sprint_1

Skill      XL: |  1  2  3  4  5 |
---------------+----------------+-----
Short Blades   | 2 3 5 |  5.2
Stealth        | 4 6 8 |  8.5
Hexes          | 4 5 6 |  6.7
Spellcasting   | 3 4 |  4.3
Fighting       | 1 |  1.1
Armour         | 1 |  1.1
Dodging        | 3 |  3.5
Ice Magic      | 1 |  1.9

Action                   |  1- 3 |  4- 6 || total
-------------------------+-------+-------++-------
Melee: Dagger            |    14 |    11 ||    25
 Cast: Ensorcelled Hiber |     2 |     4 ||     6
       Confuse           |       |     2 ||     2
  Use: Potion            |     1 |     2 ||     3
 Stab: Sleeping          |     1 |     2 ||     3
Dodge: Dodged            |     5 |     8 ||    13

Table legend:
 A = Spawn XP
 B = Non-spawn XP
 C = Spawn XP percentage of total XP
 D = Spawn monster count
 E = Non-spawn monster count
 F = Spawn count percentage of total count
 G = Total turns spent on level
                    A         B        C        D         E        F      G
               +---------+---------+-------+---------+---------+-------+---------
         Total |       0 |     379 |   0.0 |       0 |       3 |   0.0 |   514
               +---------+---------+-------+---------+---------+-------+---------
             D |       0 |     379 |   0.0 |       0 |       3 |   0.0 |   514
               +---------+---------+-------+---------+---------+-------+---------
